[Event "Titled Tuesday Blitz September 13 Early 2022"]
[White "Beerdsen, Thomas"]
[Black "Suleymanli, Suleyman"]
[WhiteFideId "1030108"]
[BlackFideId "13416375"]
[WhiteElo "2567"]
[BlackElo "1652"]
[Result "1-0"]
[Round "02"]
[TimeControl "180+1"]
[Date "2022.09.13"]
[WhiteClock "0:01:21"]
[BlackClock "0:00:54"]

1. e4 e6 2. d4 d5 3. Nc3 Nf6 4. Bg5 Be7 5. e5 Nfd7 6. h4 h6 7. Bxe7 Qxe7 8. Qg4 g6 9. h5 g5 10. f4 gxf4 11. Qxf4 a6 12. Nf3 c5 13. O-O-O Nc6 14. dxc5 Nxc5 15. Be2 b5 16. Nd4 Bb7 17. Rhf1 Rh7 18. Kb1 O-O-O 19. Nxc6 Bxc6 20. Qb4 Re8 21. Rf6 Nd7 22. Qa5 Kb7 23. a4 Nxf6 24. axb5 axb5 25. Bxb5 Bxb5 26. Qxb5+ Kc7 27. exf6 Qd7 28. Qa5+ Kb7 29. Rd4 Rb8 30. Rb4+ Kc8 31. Qc5+ Qc7 32. Qf8+ Kd7 33. Rxb8 d4 34. Qe8+ Kd6 35. Nb5+ 1-0


[Site "https://www.chess.com"]

[Event "Titled Tuesday Blitz September 13 Early 2022"]
[White "Belous, Vladimir"]
[Black "Djokic, Mihailo"]
[WhiteFideId "4174003"]
[BlackFideId "976440"]
[WhiteElo "2534"]
[BlackElo "2315"]
[Result "1-0"]
[Round "02"]
[TimeControl "180+1"]
[Date "2022.09.13"]
[WhiteClock "0:00:52"]
[BlackClock "0:00:02"]

1. c4 e5 2. g3 Nc6 3. Bg2 Bc5 4. e3 d6 5. Ne2 Bf5 6. d3 h5 7. h3 Qd7 8. a3 a6 9. Nbc3 Nf6 10. b4 Ba7 11. Bb2 O-O 12. Nd5 Nxd5 13. cxd5 Ne7 14. e4 Bh7 15. d4 f5 16. dxe5 fxe4 17. O-O dxe5 18. Bxe5 Rf5 19. Bxc7 Rxd5 20. Qb3 Qxc7 21. Nf4 Rd8 22. Rfd1 Qe5 23. Rxd5 Nxd5 24. Rd1 Bd4 25. Qc4 Ba7 26. Rxd5 Rxd5 27. Nxd5 Kh8 28. Nf4 Qa1+ 29. Bf1 Qd4 30. Qc8+ Bg8 31. Ng6+ Kh7 32. Nf8+ Kh8 33. Qf5 e3 34. Qxh5+ Bh7 35. Qxh7# 1-0


[Site "https://www.chess.com"]

[Event "Titled Tuesday Blitz September 13 Early 2022"]
[White "Bodnaruk, Anastasia"]
[Black "Tang, Andrew"]
[WhiteFideId "4181751"]
[BlackFideId "2059630"]
[WhiteElo "2332"]
[BlackElo "2584"]
[Result "0-1"]
[Round "02"]
[TimeControl "180+1"]
[Date "2022.09.13"]
[WhiteClock "0:00:16"]
[BlackClock "0:00:17"]

1. e4 e5 2. Nf3 Nc6 3. Bc4 Nf6 4. d3 h6 5. c3 d6 6. O-O g5 7. Re1 Bg7 8. Nbd2 g4 9. Nh4 Nxe4 10. Nxe4 Qxh4 11. d4 O-O 12. Be3 Kh8 13. f4 gxf3 14. Qxf3 exd4 15. Bf2 Qg4 16. Qd3 dxc3 17. bxc3 Ne5 18. Qe2 Qg6 19. Bb3 Bg4 20. Qe3 f5 21. Nd2 f4 22. Qe4 Bf5 23. Qa4 f3 24. g3 Nd3 25. Re7 Qg5 26. Rxg7 Qxd2 27. Qd4 Qxf2+ 28. Qxf2 Nxf2 29. Rxc7 Nh3+ 0-1


[Site "https://www.chess.com"]

[Event "Titled Tuesday Blitz September 13 Early 2022"]
[White "Bok, Benjamin"]
[Black "Koellner, Ruben Gideon"]
[WhiteFideId "1017063"]
[BlackFideId "12993093"]
[WhiteElo "2658"]
[BlackElo "2286"]
[Result "0-1"]
[Round "02"]
[TimeControl "180+1"]
[Date "2022.09.13"]
[WhiteClock "0:00:04"]
[BlackClock "0:01:22"]

1. d4 d6 2. Nf3 Nf6 3. c4 g6 4. g3 Bg7 5. Bg2 O-O 6. Nc3 Nbd7 7. O-O e5 8. e4 Re8 9. h3 c6 10. Re1 a6 11. Be3 b5 12. dxe5 Nxe5 13. c5 Nxf3+ 14. Bxf3 dxc5 15. Qxd8 Rxd8 16. e5 Nd5 17. Nxd5 cxd5 18. Bxc5 Bxh3 19. g4 Rac8 20. b4 h5 21. gxh5 gxh5 22. Bxh5 d4 23. Rad1 d3 24. Kh2 Bf5 25. Kg3 Bf8 26. Bxf8 Kxf8 27. Re3 d2 28. Re2 Rc2 29. a3 Ra2 30. f3 Be6 31. Re3 Rb2 32. f4 Bb3 33. Rh1 d1=Q 34. Bxd1 Rxd1 35. Rh8+ Kg7 36. Rh2 Rg1+ 37. Kh3 Be6+ 0-1


[Site "https://www.chess.com"]

[Event "Titled Tuesday Blitz September 13 Early 2022"]
[White "Bortnyk, Olexandr"]
[Black "Guz, Ari"]
[WhiteFideId "14120828"]
[BlackFideId "2825759"]
[WhiteElo "2723"]
[BlackElo "1913"]
[Result "1-0"]
[Round "02"]
[TimeControl "180+1"]
[Date "2022.09.13"]
[WhiteClock "0:01:31"]
[BlackClock "0:00:56"]

1. d4 Nf6 2. Nc3 d5 3. Bf4 c5 4. e4 Nxe4 5. Nxe4 dxe4 6. d5 Qb6 7. Ne2 e6 8. Nc3 Qxb2 9. Nb5 Na6 10. c3 Bd7 11. a4 exd5 12. Rb1 Qa2 13. Ra1 Qb2 14. Be2 d4 15. Bc4 d3 16. Ra2 Bxb5 17. Bxb5+ 1-0


[Site "https://www.chess.com"]

[Event "Titled Tuesday Blitz September 13 Early 2022"]
[White "Demchenko, Anton"]
[Black "Perez Gormaz, Matias"]
[WhiteFideId "4160258"]
[BlackFideId "3406342"]
[WhiteElo "2539"]
[BlackElo "2341"]
[Result "1-0"]
[Round "02"]
[TimeControl "180+1"]
[Date "2022.09.13"]
[WhiteClock "0:00:47"]
[BlackClock "0:00:09"]

1. e4 e5 2. Nf3 Nc6 3. Bc4 Bc5 4. d3 d6 5. a4 a5 6. Be3 Bxe3 7. fxe3 Nf6 8. Nc3 O-O 9. Qe2 Be6 10. O-O-O d5 11. exd5 Nxd5 12. Ne4 h6 13. g4 Qe7 14. g5 h5 15. Rhg1 Nb6 16. Nf6+ Kh8 17. Nxe5 g6 18. Nxc6 bxc6 19. Bxe6 Qxe6 20. b3 Nd5 21. Ne4 Qe5 22. Qf3 Rae8 23. Qg3 Qa1+ 24. Kd2 Qa3 25. Ke1 Qb2 26. Qf2 Re5 27. c4 Qxb3 28. cxd5 Rf5 29. Qd2 cxd5 30. Qc3+ 1-0


[Site "https://www.chess.com"]

[Event "Titled Tuesday Blitz September 13 Early 2022"]
[White "Di Nicolantonio, Lucas"]
[Black "Milikow, Yoav"]
[WhiteFideId "680460"]
[BlackFideId "2822237"]
[WhiteElo "2381"]
[BlackElo "2341"]
[Result "0-1"]
[Round "02"]
[TimeControl "180+1"]
[Date "2022.09.13"]
[WhiteClock "0:00:06"]
[BlackClock "0:00:18"]

1. d4 Nf6 2. Bg5 c5 3. d5 Ne4 4. Bf4 g6 5. f3 Nd6 6. e4 Bg7 7. Nc3 O-O 8. Qd2 b6 9. h4 h5 10. Nh3 a6 11. e5 Nf5 12. g4 Nd4 13. Bg2 d6 14. e6 hxg4 15. fxg4 fxe6 16. dxe6 Nbc6 17. Ng5 Rb8 18. O-O-O b5 19. Be4 Qa5 20. Bxg6 Rf6 21. Bf7+ Kh8 22. Qd3 Rh6 23. Nge4 Nb4 24. Qe3 Rxe6 25. Bxe6 Nxe6 26. Bh6 Bd4 27. Rxd4 cxd4 28. Qf3 Bd7 29. Qf7 dxc3 30. Ng5 cxb2+ 31. Kb1 Qxa2# 0-1


[Site "https://www.chess.com"]

[Event "Titled Tuesday Blitz September 13 Early 2022"]
[White "Dilanyan, Grigor"]
[Black "Oparin, Grigoriy"]
[WhiteFideId "13303570"]
[BlackFideId "24125890"]
[WhiteElo "2264"]
[BlackElo "2639"]
[Result "0-1"]
[Round "02"]
[TimeControl "180+1"]
[Date "2022.09.13"]
[WhiteClock "0:00:56"]
[BlackClock "0:01:25"]

1. d4 Nf6 2. Nf3 c5 3. d5 e6 4. Nc3 d6 5. e4 Be7 6. Bb5+ Bd7 7. dxe6 fxe6 8. a4 a6 9. Bc4 Nc6 10. O-O Ng4 11. Bf4 e5 12. Bc1 Nd4 13. h3 Nf6 14. Nxd4 cxd4 15. Nd5 Rc8 16. Nxf6+ Bxf6 17. Bd5 Bc6 18. Be6 Bd7 19. Bd5 Bc6 20. Be6 Rc7 21. Qh5+ g6 22. Qf3 Qe7 23. Bb3 Rf8 24. Bh6 Bg7 25. Qxf8+ Qxf8 26. Bd2 Bxe4 27. Rae1 Bxc2 28. Bd5 Kd7 29. f4 e4 30. f5 gxf5 31. g4 e3 32. Bb4 Be5 33. Rxf5 Bxf5 34. Rf1 e2 35. Rxf5 Rc1+ 36. Kf2 Rf1+ 37. Kxe2 Rxf5 38. gxf5 Qxf5 39. Bxb7 Qc2+ 40. Kf1 d3 41. Bxa6 Qe2+ 42. Kg1 Bd4+ 43. Kh1 Qf1+ 44. Kh2 Qg1# 0-1


[Site "https://www.chess.com"]

[Event "Titled Tuesday Blitz September 13 Early 2022"]
[White "Donchenko, Alexander"]
[Black "Gevorgyan, David Sh."]
[WhiteFideId "24603295"]
[BlackFideId "13303244"]
[WhiteElo "2572"]
[BlackElo "2235"]
[Result "1-0"]
[Round "02"]
[TimeControl "180+1"]
[Date "2022.09.13"]
[WhiteClock "0:00:39"]
[BlackClock "0:00:02"]

1. Nf3 Nf6 2. g3 g6 3. Bg2 Bg7 4. O-O O-O 5. d4 d5 6. c4 c6 7. b3 Ne4 8. Bb2 Nd7 9. e3 Ndf6 10. Qe2 Bf5 11. cxd5 cxd5 12. Ne5 a6 13. Rc1 Rc8 14. Nc3 Nxc3 15. Bxc3 Be4 16. Bh3 Bf5 17. Bxf5 gxf5 18. Bb4 Re8 19. Qe1 Ng4 20. Rxc8 Qxc8 21. Rc1 Qe6 22. Nd3 b6 23. Nf4 Qd7 24. Qc3 a5 25. Ba3 e6 26. Nh5 Nf6 27. Nxf6+ Bxf6 28. Qc6 Qxc6 29. Rxc6 Rb8 30. Bd6 Rb7 31. Bc7 b5 32. Bxa5 Ra7 33. b4 Rb7 34. Bb6 Be7 35. Bc5 Bxc5 36. dxc5 Ra7 37. Rb6 Rxa2 38. Rxb5 Kg7 39. c6 Rc2 40. Rc5 Ra2 41. c7 Ra1+ 42. Kg2 1-0


[Site "https://www.chess.com"]

[Event "Titled Tuesday Blitz September 13 Early 2022"]
[White "Dubov, Daniil"]
[Black "Korchmar, Vasiliy"]
[WhiteFideId "24126055"]
[BlackFideId "24131750"]
[WhiteElo "2791"]
[BlackElo "2370"]
[Result "1-0"]
[Round "02"]
[TimeControl "180+1"]
[Date "2022.09.13"]
[WhiteClock "0:01:16"]
[BlackClock "0:00:17"]

1. e4 c5 2. Nf3 d6 3. Bb5+ Nd7 4. O-O Nf6 5. Re1 a6 6. Bd3 b5 7. c3 Bb7 8. Bc2 e6 9. d4 Be7 10. Nbd2 O-O 11. Nf1 Re8 12. Ng3 h6 13. h3 Qc7 14. Bf4 Bf8 15. Be3 g6 16. Qd2 Kh7 17. Rad1 Rad8 18. Bb1 Bg7 19. Nh2 d5 20. e5 Ne4 21. Qe2 f5 22. exf6 Nxg3 23. Bxg6+ Kxg6 24. Qg4+ Kxf6 25. fxg3 Rg8 26. Bg5+ Kf7 27. Qxe6+ Kf8 28. Qe7# 1-0


[Site "https://www.chess.com"]

[Event "Titled Tuesday Blitz September 13 Early 2022"]
[White "Filgueira, Hernan"]
[Black "Pap, Gyula"]
[WhiteFideId "101770"]
[BlackFideId "725323"]
[WhiteElo "2363"]
[BlackElo "2519"]
[Result "0-1"]
[Round "02"]
[TimeControl "180+1"]
[Date "2022.09.13"]
[WhiteClock "0:00:02"]
[BlackClock "0:00:02"]

1. e4 c6 2. Nc3 d5 3. Nf3 Bg4 4. h3 Bxf3 5. Qxf3 e6 6. g3 Bc5 7. Bg2 Nd7 8. Qe2 Ne7 9. d3 Qc7 10. Bf4 Qb6 11. O-O Qxb2 12. Na4 Qb4 13. Nxc5 Qxc5 14. Rab1 b6 15. c4 d4 16. Bd2 a5 17. f4 O-O 18. g4 b5 19. Rfc1 b4 20. Rf1 Ng6 21. e5 Rac8 22. Be1 Qe7 23. Bg3 c5 24. Rbe1 Rfe8 25. Qf2 a4 26. h4 h6 27. h5 Ngf8 28. Bh4 f6 29. Qg3 Qf7 30. f5 Nxe5 31. fxe6 Rxe6 32. Bd5 Qd7 33. Rxe5 fxe5 34. Qxe5 Re8 35. Qf5 Kh8 36. Bxe6 Nxe6 37. Qg6 Rf8 38. Rf5 b3 39. axb3 axb3 0-1


[Site "https://www.chess.com"]

[Event "Titled Tuesday Blitz September 13 Early 2022"]
[White "Gabdrakhmanov, Azat"]
[Black "Kosakowski, Jakub"]
[WhiteFideId "34189197"]
[BlackFideId "1185080"]
[WhiteElo "2233"]
[BlackElo "2453"]
[Result "0-1"]
[Round "02"]
[TimeControl "180+1"]
[Date "2022.09.13"]
[WhiteClock "0:00:07"]
[BlackClock "0:00:09"]

1. e4 c6 2. d3 d5 3. Nd2 e5 4. Ngf3 Bd6 5. g3 Nf6 6. Bg2 O-O 7. O-O Re8 8. Re1 h6 9. Qe2 Nbd7 10. a4 a5 11. Nb3 Qc7 12. h3 dxe4 13. dxe4 b5 14. Nh4 bxa4 15. Rxa4 Ba6 16. Qf3 Bb5 17. Ra1 a4 18. Nd2 Nb6 19. Nf1 Re6 20. Ne3 Bf8 21. Bd2 Nh7 22. Bc3 Ng5 23. Qd1 Rd8 24. Qc1 Bc5 25. Nhf5 Ree8 26. h4 Ne6 27. Ng4 Nd4 28. Ngxh6+ gxh6 29. Qxh6 Nxf5 30. exf5 f6 31. Qxf6 Qg7 32. Qxg7+ Kxg7 33. Bxe5+ Kf7 34. b3 Rd2 35. bxa4 Bxf2+ 36. Kh1 Bxe1 37. Rxe1 Nc4 38. axb5 Nxe5 39. bxc6 Nf3 40. Rf1 Re1 41. Rxe1 Nxe1 42. c4 Rd8 43. Bd5+ Kf6 44. Be6 Rd2 45. c7 Nf3 46. c8=Q Rh2# 0-1


[Site "https://www.chess.com"]

[Event "Titled Tuesday Blitz September 13 Early 2022"]
[White "Goryachkina, Aleksandra"]
[Black "Andreikin, Dmitry"]
[WhiteFideId "4147103"]
[BlackFideId "4158814"]
[WhiteElo "2426"]
[BlackElo "2736"]
[Result "1/2-1/2"]
[Round "02"]
[TimeControl "180+1"]
[Date "2022.09.13"]
[WhiteClock "0:00:36"]
[BlackClock "0:01:41"]

1. e4 c5 2. Nf3 e6 3. c3 d5 4. exd5 exd5 5. Bb5+ Nc6 6. d4 Bd6 7. O-O Ne7 8. dxc5 Bxc5 9. Nbd2 O-O 10. Nb3 Bb6 11. Re1 Bg4 12. Be3 Bxe3 13. Rxe3 Nf5 14. Re1 Qb6 15. Bd3 Nh4 16. Be2 Bxf3 17. Bxf3 Nxf3+ 18. Qxf3 Rad8 19. Rad1 d4 20. cxd4 Nxd4 21. Nxd4 Rxd4 22. Rxd4 Qxd4 23. Qxb7 g6 24. h3 Qd2 25. Rf1 a5 26. Qb5 h5 27. a3 Ra8 28. b4 axb4 29. axb4 Ra2 30. Qe8+ Kg7 31. Qe5+ Kg8 32. Qe8+ Kg7 33. Qe5+ Kg8 34. Qe8+ 1/2-1/2


[Site "https://www.chess.com"]

[Event "Titled Tuesday Blitz September 13 Early 2022"]
[White "Grover, Sahaj"]
[Black "Kamsky, Gata"]
[WhiteFideId "5021103"]
[BlackFideId "2000024"]
[WhiteElo "2432"]
[BlackElo "2666"]
[Result "0-1"]
[Round "02"]
[TimeControl "180+1"]
[Date "2022.09.13"]
[WhiteClock "0:00:17"]
[BlackClock "0:00:44"]

1. d4 f5 2. Bf4 Nf6 3. e3 e6 4. Nf3 b6 5. c4 Bb7 6. Nc3 Bb4 7. Bd3 Bxc3+ 8. bxc3 Nc6 9. h3 Na5 10. Nd2 d6 11. Qe2 Qe7 12. e4 e5 13. Bg5 f4 14. c5 O-O 15. Nc4 Nxc4 16. Bxc4+ Kh8 17. cxd6 cxd6 18. g3 fxg3 19. fxg3 Qc7 20. O-O Nxe4 21. Rxf8+ Rxf8 22. Be3 Nxg3 23. Qg4 Qxc4 24. Qxg3 Rf3 25. Qg5 h6 26. Qd8+ Kh7 27. Bf2 Rxh3 0-1


[Site "https://www.chess.com"]

[Event "Titled Tuesday Blitz September 13 Early 2022"]
[White "Hakobyan, Aram"]
[Black "Paszewski, Mateusz"]
[WhiteFideId "13306677"]
[BlackFideId "1141058"]
[WhiteElo "2563"]
[BlackElo "2183"]
[Result "1-0"]
[Round "02"]
[TimeControl "180+1"]
[Date "2022.09.13"]
[WhiteClock "0:00:19"]
[BlackClock "0:00:03"]

1. e4 c6 2. d4 d5 3. exd5 cxd5 4. Nf3 Nf6 5. c3 Nc6 6. Ne5 a6 7. Nd2 Bf5 8. Qa4 Qc7 9. Bb5 Bd7 10. Nxd7 Nxd7 11. O-O e6 12. Bd3 Bd6 13. Nf3 O-O 14. Re1 b5 15. Qc2 Nf6 16. Bg5 h6 17. Bxf6 gxf6 18. g3 Rac8 19. Qd2 Kg7 20. Nh4 Qb6 21. Qd1 Ne7 22. Qg4+ Kh8 23. Qh5 Kg7 24. Re3 f5 25. Rae1 Bb8 26. g4 f4 27. Rh3 Rh8 28. g5 Rcg8 29. g6 f5 30. Kh1 Kf6 31. Rg1 Qd6 32. a3 Rg7 33. Nf3 Rxg6 34. Qh4+ Kf7 35. Ne5+ Kg7 36. Nxg6 Nxg6 37. Qh5 e5 38. Bxf5 Rf8 39. Rxg6+ 1-0


[Site "https://www.chess.com"]

[Event "Titled Tuesday Blitz September 13 Early 2022"]
[White "Hasangatin, Ramil"]
[Black "Lenderman, Aleksandr"]
[WhiteFideId "4122160"]
[BlackFideId "2021285"]
[WhiteElo "2327"]
[BlackElo "2607"]
[Result "1/2-1/2"]
[Round "02"]
[TimeControl "180+1"]
[Date "2022.09.13"]
[WhiteClock "0:00:18"]
[BlackClock "0:00:55"]

1. e4 e6 2. d3 d5 3. Qe2 dxe4 4. dxe4 e5 5. Nf3 Nc6 6. c3 a5 7. Qc2 Bc5 8. Bb5 f6 9. O-O Be6 10. Nbd2 Ne7 11. Bc4 Qc8 12. Qb3 a4 13. Bxe6 axb3 14. Bxc8 Rxa2 15. Bxb7 Rxa1 16. Bxc6+ Nxc6 17. Nxb3 Rxc1 18. Rxc1 Bb6 19. Nfd2 Ke7 20. Nc4 Rb8 21. Rc2 Bxf2+ 22. Kxf2 Rxb3 23. Nd2 Rb8 24. b4 Ra8 25. Nc4 Ra1 26. Ne3 Ke6 27. Nd5 Ra7 28. g4 Nd8 29. Ke3 Nf7 30. Kd3 Nd6 31. c4 c6 32. Nc3 Ra1 33. Ra2 Rf1 34. Ra6 Rf3+ 35. Kc2 Kd7 36. c5 Nc8 37. Na4 Rf2+ 38. Kc3 Rxh2 39. Nb6+ Nxb6 40. cxb6 Kc8 41. Ra7 g6 42. Rc7+ Kb8 43. Rxc6 Rf2 44. Rc7 Rf4 45. Kc4 Rxe4+ 46. Kc5 Rxg4 47. Rxh7 Rg1 48. Rh8+ Kb7 49. Rh7+ Kb8 50. Rh8+ Kb7 51. Rh7+ Kb8 1/2-1/2


[Site "https://www.chess.com"]

[Event "Titled Tuesday Blitz September 13 Early 2022"]
[White "Ibrahimli, Murad"]
[Black "Janaszak, Dawid"]
[WhiteFideId "13410229"]
[BlackFideId "1119206"]
[WhiteElo "2109"]
[BlackElo "2165"]
[Result "1-0"]
[Round "02"]
[TimeControl "180+1"]
[Date "2022.09.13"]
[WhiteClock "0:01:18"]
[BlackClock "0:00:18"]

1. d4 d5 2. c4 c6 3. Nf3 Nf6 4. Nc3 e6 5. e3 Nbd7 6. Qc2 Bd6 7. Bd3 O-O 8. O-O dxc4 9. Bxc4 b5 10. Be2 Bb7 11. e4 e5 12. dxe5 Nxe5 13. Nd4 b4 14. Nf5 bxc3 15. Rd1 Nd5 16. exd5 cxd5 17. Nxd6 Qxd6 18. Qxc3 Rac8 19. Qg3 Rc2 20. Bf1 Re8 21. b3 Qg6 22. Bf4 Qxg3 23. Bxg3 f6 24. f3 Rec8 25. Bf2 a5 26. h3 Kf7 27. Bb6 a4 28. bxa4 Nc4 29. Bd4 Bc6 30. Bd3 Rd2 31. Rxd2 Nxd2 32. a5 Nc4 33. a6 Bb5 34. a7 Ke6 35. a4 Ba6 36. Re1+ Kd6 37. Bf5 Rd8 38. Re6+ 1-0


[Site "https://www.chess.com"]

[Event "Titled Tuesday Blitz September 13 Early 2022"]
[White "Kevlishvili, Robby"]
[Black "Jakubowski, Krzysztof"]
[WhiteFideId "1040634"]
[BlackFideId "1112848"]
[WhiteElo "2585"]
[BlackElo "2306"]
[Result "1-0"]
[Round "02"]
[TimeControl "180+1"]
[Date "2022.09.13"]
[WhiteClock "0:00:31"]
[BlackClock "0:00:14"]

1. e4 c5 2. Nf3 d6 3. d4 cxd4 4. Nxd4 Nf6 5. Nc3 a6 6. h4 e6 7. Be3 b5 8. f3 h5 9. Qd2 Be7 10. a3 Bd7 11. O-O-O Nc6 12. Kb1 Ne5 13. Bg5 Qc7 14. f4 Nc4 15. Bxc4 bxc4 16. e5 dxe5 17. fxe5 Qxe5 18. Rhe1 Qc7 19. Nf5 Bc6 20. Bf4 Qb7 21. Bd6 Bf8 22. Qg5 Rh7 23. Rd4 Rd8 24. Bxf8 Rxd4 25. Nxd4 Kxf8 26. Qc5+ Kg8 27. Nxc6 Rh6 28. Ne4 Nxe4 29. Rxe4 Rf6 30. Rxc4 g6 31. Rb4 Qd7 32. Rb8+ Kh7 33. Qf8 Rf1+ 34. Ka2 Qd5+ 35. b3 g5 36. Qh8+ Kg6 37. Ne7# 1-0


[Site "https://www.chess.com"]

[Event "Titled Tuesday Blitz September 13 Early 2022"]
[White "Kollars, Dmitrij"]
[Black "Pinheiro, Iung Alicio de O."]
[WhiteFideId "12909572"]
[BlackFideId "2104350"]
[WhiteElo "2584"]
[BlackElo "2283"]
[Result "0-1"]
[Round "02"]
[TimeControl "180+1"]
[Date "2022.09.13"]
[WhiteClock "0:00:06"]
[BlackClock "0:00:18"]

1. Nf3 d5 2. c4 c6 3. b3 Nf6 4. Bb2 Bf5 5. g3 e6 6. Bg2 Nbd7 7. O-O Be7 8. d3 h6 9. Nbd2 O-O 10. Re1 Bh7 11. Rc1 a5 12. a3 Qb8 13. Rc2 e5 14. e4 d4 15. Bh3 Nc5 16. Qe2 Ne6 17. Nh4 Re8 18. Ndf3 Bf8 19. Bf5 g6 20. Bxe6 Rxe6 21. Bc1 Re8 22. Kh1 g5 23. Nf5 Bxf5 24. exf5 e4 25. dxe4 Rxe4 26. Qd3 Rxe1+ 27. Nxe1 c5 28. Qf3 Qc7 29. Re2 a4 30. Kg1 axb3 31. Qxb3 Qd7 32. Qf3 Ra4 33. Qb3 Ra6 34. Qd3 Rb6 35. h3 Ra6 36. g4 Ra8 37. Qf3 Ra4 38. Qb3 Qc6 39. Nd3 Bd6 40. Bd2 Ra8 41. Re1 Qf3 42. Nc1 Qxb3 43. Nxb3 Rxa3 44. Rb1 b6 45. Nc1 Bc7 46. Kg2 Ne4 47. Be1 Kg7 48. Rb3 Ra1 49. Nd3 Nd6 50. f4 Nxc4 51. fxg5 hxg5 52. Kf3 Rxe1 53. Nxe1 Nd2+ 0-1


[Site "https://www.chess.com"]

[Event "Titled Tuesday Blitz September 13 Early 2022"]
[White "Korelskiy, Egor"]
[Black "Ter-Sahakyan, Samvel"]
[WhiteFideId "34329064"]
[BlackFideId "13302531"]
[WhiteElo "2071"]
[BlackElo "2604"]
[Result "0-1"]
[Round "02"]
[TimeControl "180+1"]
[Date "2022.09.13"]
[WhiteClock "0:01:43"]
[BlackClock "0:01:59"]

1. e4 c6 2. Nc3 d5 3. Nf3 Bg4 4. h3 Bxf3 5. Qxf3 e6 6. d3 Bb4 7. Bd2 Ne7 8. O-O-O d4 9. Nb1 a5 10. g4 Nd7 11. c3 Bc5 12. Bg2 O-O 13. h4 b5 14. g5 dxc3 15. Bxc3 b4 16. Be1 Bd4 17. Nd2 c5 18. Nc4 Ne5 19. Nxe5 Bxe5 20. Bd2 Qd4 21. Rde1 Qxb2+ 22. Kd1 Rfd8 23. Ke2 c4 0-1


[Site "https://www.chess.com"]

[Event "Titled Tuesday Blitz September 13 Early 2022"]
[White "Kucuksari, Kaan"]
[Black "Sadhwani, Raunak"]
[WhiteFideId "6380166"]
[BlackFideId "35093487"]
[WhiteElo "2305"]
[BlackElo "2656"]
[Result "0-1"]
[Round "02"]
[TimeControl "180+1"]
[Date "2022.09.13"]
[WhiteClock "0:00:02"]
[BlackClock "0:01:41"]

1. d4 Nf6 2. c4 d6 3. Nf3 Nbd7 4. Nc3 e5 5. e4 Be7 6. h3 O-O 7. Be3 exd4 8. Nxd4 Nc5 9. Qc2 Re8 10. b4 Ne6 11. Nf5 Bf8 12. Bd3 a5 13. b5 g6 14. Ng3 Bg7 15. O-O Nd7 16. Be2 Nd4 17. Bxd4 Bxd4 18. Rad1 Bg7 19. f4 Nc5 20. Bf3 Be6 21. Nd5 c6 22. bxc6 bxc6 23. f5 Bd7 24. Ne3 Qg5 25. Qf2 Rab8 26. fxg6 fxg6 27. Rxd6 Be5 28. Rxd7 Bxg3 29. Qd2 Nxd7 30. Qxd7 Qxe3+ 31. Kh1 Rf8 32. Qe6+ Kh8 33. Qxc6 Qd3 34. Rg1 Rb1 35. Bd1 Rxd1 0-1


[Site "https://www.chess.com"]

[Event "Titled Tuesday Blitz September 13 Early 2022"]
[White "Le, Tuan Minh"]
[Black "Sorkin, Igor"]
[WhiteFideId "12401153"]
[BlackFideId "2803283"]
[WhiteElo "2530"]
[BlackElo "2401"]
[Result "1-0"]
[Round "02"]
[TimeControl "180+1"]
[Date "2022.09.13"]
[WhiteClock "0:00:47"]
[BlackClock "0:00:11"]

1. d4 d6 2. e4 Nf6 3. Nc3 e5 4. Nf3 Nbd7 5. Bc4 Be7 6. O-O O-O 7. Re1 c6 8. a4 exd4 9. Nxd4 Ne5 10. Bb3 Ng6 11. h3 Re8 12. a5 Bf8 13. a6 Qc7 14. axb7 Bxb7 15. Bg5 Nd7 16. Nf5 Nc5 17. Ba2 a5 18. Qf3 Kh8 19. Rad1 a4 20. Bc1 Ba6 21. h4 Ne5 22. Qg3 Bc4 23. f4 Bxa2 24. fxe5 Be6 25. exd6 Qd7 26. Be3 Nxe4 27. Nxe4 Bxf5 28. Nc5 Qd8 29. Bf4 Qb6 30. Rxe8 Rxe8 31. Qf2 Qxb2 32. d7 Rd8 33. Bc7 Qf6 34. Bxd8 1-0


[Site "https://www.chess.com"]

[Event "Titled Tuesday Blitz September 13 Early 2022"]
[White "Livaic, Leon"]
[Black "Kim, Sergey"]
[WhiteFideId "14531534"]
[BlackFideId "13700570"]
[WhiteElo "2540"]
[BlackElo "2568"]
[Result "1-0"]
[Round "02"]
[TimeControl "180+1"]
[Date "2022.09.13"]
[WhiteClock "0:00:50"]
[BlackClock "0:00:32"]

1. d4 Nf6 2. c4 g6 3. Nc3 Bg7 4. e4 d6 5. h3 O-O 6. Be3 e5 7. d5 a5 8. g4 Na6 9. Nge2 Nc5 10. Ng3 Bd7 11. Qd2 a4 12. f3 c6 13. h4 cxd5 14. cxd5 Ne8 15. h5 Nc7 16. Qh2 g5 17. Qd2 h6 18. Kf2 b5 19. Rc1 b4 20. Nb1 Nb5 21. Bxb5 Bxb5 22. Bxc5 dxc5 23. Nf5 Rc8 24. a3 Bd7 25. Nxg7 Kxg7 26. axb4 Qb6 27. bxc5 Rxc5 28. Rxc5 Qxc5+ 29. Kg3 Rb8 30. Rc1 Qb6 31. Na3 Qxb2 32. Qxb2 Rxb2 33. Nc4 Rb3 34. Nxe5 Bb5 35. d6 Rb2 36. Rc7 Kf6 37. d7 Rd2 38. Nc6 Bxc6 39. Rxc6+ Ke7 40. Rxh6 a3 41. Ra6 a2 42. Ra7 Kf6 43. Rxa2 Rxd7 44. Ra5 Rd3 45. Rf5+ 1-0


[Site "https://www.chess.com"]

[Event "Titled Tuesday Blitz September 13 Early 2022"]
[White "Maltsevskaya, Aleksandra"]
[Black "Tari, Aryan"]
[WhiteFideId "24174041"]
[BlackFideId "1510045"]
[WhiteElo "2243"]
[BlackElo "2612"]
[Result "0-1"]
[Round "02"]
[TimeControl "180+1"]
[Date "2022.09.13"]
[WhiteClock "0:00:02"]
[BlackClock "0:00:10"]

1. e4 c6 2. d4 d5 3. exd5 cxd5 4. c4 Nf6 5. Nc3 e6 6. Nf3 Bb4 7. Bd3 dxc4 8. Bxc4 O-O 9. O-O b6 10. Bg5 Bb7 11. Rc1 Nbd7 12. Qd3 Rc8 13. Ba6 Bxa6 14. Qxa6 Bxc3 15. bxc3 Qc7 16. c4 h6 17. Bd2 Nb8 18. Qa4 Rfd8 19. Rfd1 Ne4 20. Be3 Nd6 21. Bf4 Qb7 22. c5 Nf5 23. Bxb8 Qxb8 24. cxb6 Rxc1 25. Rxc1 Qxb6 26. Rd1 Rc8 27. h3 Ne7 28. Qa3 Nd5 29. Rc1 Rxc1+ 30. Qxc1 Kh7 31. Ne5 f5 32. Nf3 Qb7 33. Qc5 Nf4 34. Kh2 Nd3 35. Qd6 Qe4 36. Kg1 Nc1 37. Ne5 Ne2+ 38. Kh2 Nxd4 39. f3 Qf4+ 40. Kh1 Qc1+ 41. Kh2 Ne2 0-1


[Site "https://www.chess.com"]

[Event "Titled Tuesday Blitz September 13 Early 2022"]
[White "Moksh Amit Doshi"]
[Black "Jobava, Baadur"]
[WhiteFideId "25064967"]
[BlackFideId "13601520"]
[WhiteElo "2245"]
[BlackElo "2582"]
[Result "0-1"]
[Round "02"]
[TimeControl "180+1"]
[Date "2022.09.13"]
[WhiteClock "0:00:12"]
[BlackClock "0:02:05"]

1. d4 Nf6 2. c4 c5 3. d5 g6 4. Nc3 d6 5. e4 Bg7 6. h3 O-O 7. Nf3 e6 8. Bd3 exd5 9. exd5 Re8+ 10. Be3 Rxe3+ 11. fxe3 Qe7 12. O-O Nbd7 13. Qd2 b6 14. Rae1 Ba6 15. Qf2 Rf8 16. e4 Nh5 17. Ne2 Bxb2 18. Ng3 Nxg3 19. Qxg3 Bg7 20. Qg5 Qxg5 21. Nxg5 Ne5 22. Be2 Bxc4 23. Nf3 Bxa2 24. Nd2 Bh6 25. Ra1 Bxd2 26. Rxa2 Be3+ 27. Kh1 a5 28. Rb1 c4 29. Ra3 Bc5 30. Ra4 c3 31. Rc1 Bb4 32. Rc2 Kg7 33. Ra1 Nd7 34. Bf3 Kf6 35. Re1 Ke5 36. Bg4 Nc5 37. Bf3 Ra8 38. Rb1 h5 39. Re2 h4 40. Rf2 Ra7 41. Be2 Nxe4 0-1


[Site "https://www.chess.com"]